 Dungeon Crawl Stone Soup version 0.22.1-1-ga44c0e5 (webtiles) character file.

188 MalarOregon the Chiller (level 5, 0/38 HPs)
             Began as a Merfolk Ice Elementalist on Nov 7, 2018.
             Slain by a centaur (8 damage)
             ... on level 2 of the Dungeon.
             The game lasted 00:14:03 (5092 turns).

MalarOregon the Chiller (Merfolk Ice Elementalist)  Turns: 5092, Time: 00:14:03

Health: 0/38       AC:  7    Str:  8    XL:     5   Next: 67%
Magic:  7/9        EV: 13    Int: 16    God:
Gold:   117        SH:  4    Dex: 14    Spells: 6/9 levels left

rFire    . . .     SeeInvis .   (no weapon)
rCold    . . .     Gourm    .   k - +0 buckler
rNeg     . . .     Faith    .   a - +0 robe
rPois    .         Spirit   .   d - +1 helmet
rElec    .         Reflect  .   (no cloak)
rCorr    .         Harm     .   l - +2 pair of gloves
MR       .....                  (no boots)
Stlth    ++........             (no amulet)
HPRegen  0.12/turn              (no ring)
MPRegen  0.11/turn              (no ring)

@: very slightly contaminated, invisible
A: change form in water, swift swim, stealthy swim
a: no special abilities


You were on level 2 of the Dungeon.
You were not hungry.

You visited 1 branch of the dungeon, and saw 3 of its levels.

You collected 117 gold pieces.

Inventory:

Hand Weapons
 r - a +0 blowgun
   (You took it off a kobold on level 2 of the Dungeon)
Missiles
 g - 7 tomahawks of dispersal (quivered) {!f}
 j - 7 tomahawks
 n - 17 poisoned needles
 s - 5 curare-tipped needles {!f}
Armour
 a - a +0 robe (worn)
 d - a +1 helmet (worn)
   (You took it off Robin on level 1 of the Dungeon)
 k - a +0 buckler (worn)
   (You found it on level 2 of the Dungeon)
 l - a +2 pair of gloves (worn)
   (You found it on level 2 of the Dungeon)
Scrolls
 c - 3 scrolls of remove curse {@r2}
 t - 3 scrolls of magic mapping {unknown}
Potions
 f - a potion of haste {unknown}
 h - a potion of heal wounds {@q2}
 i - a potion of lignification {!q}
 m - a potion of invisibility
 p - a potion of mutation {unknown}
 q - a potion of might {unknown}
Comestibles
 e - 3 rations {!d}


   Skills:
 + Level 2.2 Fighting
 + Level 4.0 Dodging
 - Level 2.1 Stealth
 + Level 1.1 Shields
 + Level 2.8 Spellcasting
 - Level 0.7 Conjurations
 * Level 4.9 Ice Magic


You had 6 spell levels left.
You knew the following spells:

 Your Spells              Type           Power        Failure   Level  Hunger
a - Freeze                Ice            ###.         3%          1    #......
x - Throw Frost           Conj/Ice       ##....       13%         2    ##.....

Your spell library contained the following spells:

 Spells                   Type           Power        Failure   Level  Hunger
 Ozocubu's Armour         Chrm/Ice       ##......     30%         3    ###....
 Throw Icicle             Conj/Ice       ##......     65%         4    #####..
 Summon Ice Beast         Ice/Summ       ##......     71%         4    #####..


Dungeon Overview and Level Annotations

Branches:
Dungeon (3/15)

Altars:
Elyvilon
Uskayaw

Annotations:
D:3 Grinder, Sigmund


Message History

* * * LOW HITPOINT WARNING * * *
The centaur barely misses you.
You see here 2 arrows.
The centaur wields an uncursed shortbow.
The centaur shoots an arrow.
You block the arrow.
There is a stone staircase leading up here.
Things that are here:
3 arrows; 6 poisoned needles The centaur unwields an uncursed shortbow.
The centaur barely misses you.
You climb upwards.
There is a stone staircase leading down, spattered with blood here.
You see here a blowgun.
You start resting.
You start resting.
You climb downwards.
Level annotation: Grinder, Sigmund The centaur hits you!
The worm bites you. The centaur closely misses you.
There is a stone staircase leading up, spattered with blood here.
Things that are here:
3 arrows; 6 poisoned needles The centaur closely misses you.
The worm closely misses you.
The centaur hits you but does no damage.
You climb upwards.
There is a stone staircase leading down, spattered with blood here.
You see here a blowgun.
You see here an uncursed short sword.
The centaur closely misses you.
Okay, then.
Okay, then.
As you read the scroll of identify {@r1}, it crumbles to dust.
m - 2 potions of invisibility The centaur hits you!
* * * LOW HITPOINT WARNING * * *
The centaur hits you!
* * * LOW HITPOINT WARNING * * *
Unknown command.
You fade into invisibility!
The centaur completely misses you.
You are very lightly contaminated with residual magic.
You hit the centaur but do no damage. The centaur misses you.
The centaur hits you.
* * * LOW HITPOINT WARNING * * *
Aim: a centaur You freeze the centaur.
The centaur closely misses you.
Aim: a centaur (lightly wounded)
You freeze the centaur.
The centaur hits you but does no damage.
The centaur hits you!
You die...

#.# #.# ###### ### #.# #....#
##.## #.# #.##.########...##
###.#########.##.............#
...................######...##
##################.# ##.##
##################.# #.#
................@cw# #.#
.##########.#.####)# ##<## .#
#.#.# #>######.#.## .#
#.#.####.......###.# .#
#.....>......##.#.## ##
######.#.####..##.###.##
#........####..##.# ###
#.#........(...##.#######
#.#.##.######..##.......#


You could see a centaur and a worm.

Vanquished Creatures
  Natasha (thrice) (D:2)
  Robin (D:1)
  An adder (D:3)
  An ooze (D:2)
  3 worms
  A dart slug (D:1)
  2 leopard geckos
  A ball python (D:2)
  4 giant cockroaches
  13 goblins
  9 hobgoblins
  4 jackals (D:3)
  10 kobolds
  A quokka (D:3)
  6 bats
  4 frilled lizards
  15 rats
79 creatures vanquished.

Notes
Turn   | Place    | Note
-------+----------+-------------------------------------------
     0 | D:1      | MalarOregon the Merfolk Ice Elementalist began the quest
                  | for the Orb.
     0 | D:1      | Reached XP level 1. HP: 13/13 MP: 3/3
   179 | D:1      | Reached XP level 2. HP: 18/20 MP: 0/5
   410 | D:1      | Reached skill level 1 in Fighting
   525 | D:1      | Reached XP level 3. HP: 24/26 MP: 3/6
  1051 | D:2      | Noticed Robin
  1849 | D:2      | Learned a level 2 spell: Throw Frost
  2137 | D:2      | Reached XP level 4. HP: 32/32 MP: 2/7
  3093 | D:1      | Killed Robin
  3356 | D:3      | Noticed a hand axe
  3356 | D:3      | Noticed a hand axe
  3358 | D:3      | Found a hide-covered altar of Uskayaw.
  3650 | D:3      | Found a white marble altar of Elyvilon.
  3687 | D:3      | Noticed a centaur
  3688 | D:3      | Noticed Sigmund
  3983 | D:3      | Noticed Natasha
  3992 | D:2      | Killed Natasha
  3992 | D:2      | Reached XP level 5. HP: 22/38 MP: 1/9
  4206 | D:2      | Noticed Natasha
  4210 | D:2      | Killed Natasha
  4224 | D:2      | Noticed Natasha
  4230 | D:2      | Killed Natasha
  4230 | D:2      | Reached skill level 1 in Shields
  4681 | D:3      | Noticed Grinder
  5092 | D:2      | Slain by a centaur

Skill      XL: |  1  2  3  4  5 |
---------------+----------------+-----
Dodging        | 3 4 |  4.0
Fighting       | 1 2 |  2.2
Ice Magic      | 4 |  4.9
Shields        | 1 |  1.1
Stealth        | |  2.1
Spellcasting   | |  2.8
Conjurations   | |  0.7

Action                   |  1- 3 |  4- 6 || total
-------------------------+-------+-------++-------
Melee: Unarmed           |    53 |    16 ||    69
 Cast: Freeze            |    82 |    77 ||   159
  Use: Scroll            |     3 |     1 ||     4
       Potion            |       |     2 ||     2
 Stab: Sleeping          |     1 |     1 ||     2
  Eat: Chunk             |     4 |     8 ||    12
       Ration            |       |     1 ||     1
Armor: Robe              |    12 |    18 ||    30
Dodge: Dodged            |    51 |    71 ||   122
Block: Buckler           |       |    10 ||    10
